AoeStats
← ĐẠI ĐÔ ĐỐC MẠNH ĐẠT

Arabia

516974525Analyzed
1v1 RM · 4d ago on Oct 28, 2026· 23m 19s· 2 players
Game mode
Random Map
Map size
Tiny (2 player)
Population
200
Speed
Normal
Resources
Standard
Victory
Conquest
Starting age
Dark Age
Ending age
Imperial Age
RankedLock teamsTeams togetherTeam positionsShared explorationLock speedFull tech treeHidden civsTurbo modeCheats
Victory
Defeat
1734
+17
vs
🇨🇳 Wei · China
1763
-17
ĐẠI ĐÔ ĐỐC MẠNH ĐẠT
7:07 Loom
9:39 Feudal Age
10:00 Double-Bit Axe
15:00 Fletching
16:48 Padded Archer Armor
21:31 Castle Age
20:27 Crossbowman
21:05 Bodkin Arrow
23:01 Ballistics
别问,问就是爱过
6:22 Loom
9:01 Feudal Age
9:52 Double-Bit Axe
13:15 Horse Collar
17:14 Padded Archer Armor
19:28 Castle Age
18:02 Fletching
18:55 Padded Archer Armor
20:41 Bow Saw
20:44 Heavy Plow
20:36 Gold Mining
21:25 Wheelbarrow
21:55 Leather Archer Armor
21:40 Bodkin Arrow
22:25 Elite Skirmisher
Connection lost

Rejoining the realm…

Still unreachable

The connection could not be restored.

Session expired

The server has moved on; the page needs a fresh start.